 Dungeon Crawl Stone Soup version 0.29-a0-350-g7790a0e70a (webtiles) character file.

Game seed: 15356091706504376518

2 Shayle the Sneak (level 1, -1/12 HPs)
             Began as a Tengu Brigand on Apr 23, 2022.
             Slain by a quokka (4 damage)
             ... on level 1 of the Dungeon.
             The game lasted 00:00:29 (53 turns).

Shayle the Sneak (Tengu Brigand)                      Turns: 53, Time: 00:00:29

Health: -1/12      AC:  3    Str: 11    XL:     1   Next: 40%
Magic:  2/2        EV: 12    Int: 11    God:
Gold:   0          SH:  0    Dex: 15    Spells: 0/0 levels left

rFire   . . .      SeeInvis .   a - +2 dagger
rCold   . . .      Faith    .   (no shield)
rNeg    . . .      Spirit   .   b - +0 robe
rPois   .          Reflect  .   (helmet restricted)
rElec   .          Harm     .   c - +0 cloak
rCorr   .          Rampage  .   (no gloves)
Will    .....                   (boots unavailable)
Stlth   +++.......              (no amulet)
HPRegen 0.04/turn               (no ring)
MPRegen 0.08/turn               (no ring)

@: no status effects
A: beak, talons 3
a: no special abilities


You were on level 1 of the Dungeon.
You visited 1 branch of the dungeon, and saw 1 of its levels.

Inventory:

Hand Weapons
 a - a +2 dagger (weapon)
Missiles
 d - 9 poisoned darts (quivered)
 e - 3 curare-tipped darts
Armour
 b - a +0 robe (worn)
 c - a +0 cloak (worn)
 f - a scarf of repulsion
Scrolls
 g - a scroll of identify {unknown}


   Skills:
 + Level 2.0 Fighting
 - Level 2.1 Short Blades
 - Level 2.0 Throwing
 + Level 1.2 Dodging
 - Level 4.0 Stealth
 + Level 0.2 Spellcasting


You couldn't memorise any spells.
You didn't know any spells.
Your spell library was empty.

Dungeon Overview and Level Annotations

Branches:
Dungeon (1/15)

Altars:

Shops:
D:1 *


Innate Abilities, Weirdness & Mutations

You have a beak for a mouth.
You have claws for feet.


Message History

Welcome, Shayle the Tengu Brigand.
You feel drawn to the Orb of Zot, downwards into the unfathomable depths...
Press ? for a list of commands and other information.
Found an embroidered scarf.
Found a staircase leading out of the dungeon.
Found a scroll labelled SUIH JELUIQUFO and a leather armour.
You see here a scarf of repulsion.
f - a scarf of repulsion
g - a scroll labelled SUIH JELUIQUFO
Found Buekol's General Store.
A giant cockroach comes into view.
There is an entrance to Buekol's General Store here.
A giant cockroach is nearby!
A goblin comes into view. It is wielding a +0 club.
The helpless giant cockroach fails to defend itself.
You impale the giant cockroach!!
You kill the giant cockroach!
The goblin shouts!
The goblin hits you but does no damage.
You barely miss the goblin. You claw the goblin.
You kill the goblin!
You see here a +0 club.
A quokka comes into view.
A rat comes into view.
The quokka bites you.
You closely miss the quokka. Your kick misses the quokka.
The quokka barely misses you.
You completely miss the quokka. The quokka misses you.
You closely miss the quokka. You peck the quokka, but do no damage.
The quokka bites you.
You barely miss the quokka. Your kick misses the quokka. The quokka bites you.
You hit the quokka but do no damage. The quokka bites you.
* * * LOW HITPOINT WARNING * * *
You barely miss the quokka. You claw the quokka. Your peck misses the quokka.
The quokka is lightly wounded.
The quokka bites you.
You die...

#.# #.# #.# #∩#
#.#
##############.#
...........)...#
..?.....########
........@....r.#
######.r######.#
.....# #.##..#
#. #..# . ...#
....# ..#.


You could see a quokka and a rat (asleep).

Vanquished Creatures
  A giant cockroach (D:1)
  A goblin (D:1)
2 creatures vanquished.

Notes
Turn   | Place    | Note
-------+----------+-------------------------------------------
     0 | D:1      | Shayle the Tengu Brigand began the quest for the Orb.
     0 | D:1      | Reached XP level 1. HP: 12/12 MP: 2/2
    28 | D:1      | Found Buekol's General Store.
    53 | D:1      | Slain by a quokka

Illustrated notes

Levels and vault maps discovered:
D:1:      eino_arrival_cavern_a, layout_loops_ring, serial_shops, shop,
          nicolae_shop_trees, nicolae_lakefront_shop, shop_fountains,
          nicolae_diamond_shop

Action                   || total
-------------------------++-------
Melee: Dagger            ||     8
       Kick              ||     2
       Peck              ||     1
 Stab: Sleeping          ||     1
Armor: Robe              ||     1
Dodge: Dodged            ||     2

Table legend: (Time is in decaauts)
 A = Elapsed time spent in this place.
 B = Non-inter-level travel time spent in this place.
 C = Inter-level travel time spent in this place.
 D = Time resting spent in this place.
 E = Time spent auto-exploring this place.
 F = Levels seen in this place.
 G = Mean time per level.
                   A        B        C        D        E       F      G
               +--------+--------+--------+--------+--------+-----+--------+
         Total |     52 |     52 |      0 |      0 |     14 |   1 |   52.0 |
       Dungeon |     52 |     52 |      0 |      0 |     14 |   1 |   52.0 |
               +--------+--------+--------+--------+--------+-----+--------+

Top non-repeatable levels by time:
     D:1: 52 daAuts
